 Dungeon Crawl Stone Soup version 0.30-a0-737-gf23d94013f (webtiles) character file.

Game seed: 7618532393429472766

2 Chromium the Covered (level 1, -1/19 HPs)
             Began as an Armataur Fighter on Feb 1, 2023.
             Frozen to death by an endoplasm (2 damage)
             ... on level 1 of the Dungeon.
             The game lasted 00:00:43 (87 turns).

Chromium the Covered (Armataur Fighter)               Turns: 87, Time: 00:00:44

Health: -1/19      AC:  9    Str: 21    XL:     1   Next: 33%
Magic:  1/1        EV:  3    Int:  8    God:
Gold:   9          SH:  4    Dex:  9    Spells: 0/0 levels left

rFire   . . .      SeeInvis .    a - +0 long sword
rCold   . . .      Faith    .    c - +0 buckler
rNeg    . . .      Spirit   .    f - +0 plate armour
rPois   .          Reflect  .    (no helmet)
rElec   .          Harm     .    (no cloak)
rCorr   +          Roll     +    (no gloves)
Will    .....                    (no barding) Stlth
                                 (no amulet)
HPRegen 0.23/turn                b - ring of resist corrosion
MPRegen 0.07/turn                (no ring)

@: no status effects
A: large, rugged brown scales 3, deformed body, armoured tail, roll, long
tongue, awkward tongue
a: no special abilities


You were on level 1 of the Dungeon.
You visited 1 branch of the dungeon, and saw 1 of its levels.

You collected 9 gold pieces.

Inventory:

Hand Weapons
 a - a +0 long sword (weapon)
Armour
 c - a +0 buckler (worn)
 f - a +0 plate armour (worn)
Jewellery
 b - a ring of resist corrosion (left hand)
Scrolls
 e - a scroll of teleportation {unknown}
Potions
 d - 2 potions of might


   Skills:
 + Level 2.7 Fighting
 + Level 1.8 Long Blades
 + Level 3.7 Armour
 + Level 3.3 Shields


You couldn't memorise any spells.
You didn't know any spells.
Your spell library was empty.

Dungeon Overview and Level Annotations

Branches:
Dungeon (1/15)

Altars:


Innate Abilities, Weirdness & Mutations

You are completely covered in rugged brown scales. (AC +3, +7% HP)
Armour fits poorly on your strangely shaped body.
You have a long armoured tail.
You roll when moving toward enemies. (Rampage)
Your long tongue fully drains potion bottles. (2x potion effects)
Your tongue gives you trouble enunciating. (1.5x scroll delay)


Message History

You see here a hobgoblin corpse.
Unknown command.
You roll towards the giant cockroach!
You hit the giant cockroach.
You kill the giant cockroach!
Found a stone staircase leading down.
Found a scroll labelled IMI SUAKUOSKY.
You now have 9 gold pieces.
Found an encrusted jade ring.
Found a plate armour.
e - a scroll labelled IMI SUAKUOSKY You see here a +0 plate armour.
f - a +0 plate armour You start removing your armour.
You continue taking off your +0 scale mail. x4
You finish taking off your +0 scale mail.
You start putting on your armour.
You continue putting on your +0 plate armour. x5
You finish putting on your +0 plate armour.
You drop a +0 scale mail.
b - a ring of resist corrosion
b - a ring of resist corrosion (left hand)
A gnoll comes into view. It is wielding a +0 club.
The gnoll shouts!
An endoplasm comes into view.
You roll towards the gnoll!
You closely miss the gnoll.
The endoplasm quivers.
The gnoll hits you with a +0 club.
A goblin comes into view. It is wielding a +0 club.
You barely miss the gnoll.
The goblin shouts!
The gnoll hits you with a +0 club. The gnoll hits you but does no damage.
You barely miss the gnoll. The gnoll hits you with a +0 club.
The endoplasm hits you but does no damage.
You hit the gnoll.
The gnoll is heavily wounded.
The gnoll hits you with a +0 club.
* * * LOW HITPOINT WARNING * * *
The endoplasm freezes you.
You are frozen.
You die...

### ... # .. ..# ..
#. #...##. #### #.
..... #..## .
#gJ####...##### #
#g@..#.#.....######
#....#.[####....#..
###.....## #......>
###......^.......
##..###........
...## #........
###.### ##.......
#...# ##...#..
########..##
#######


You could see a gnoll, an endoplasm and a goblin.

Vanquished Creatures
  A giant cockroach (D:1)
  A hobgoblin (D:1)
2 creatures vanquished.

Notes
Turn   | Place    | Note
-------+----------+-------------------------------------------
     0 | D:1      | Chromium the Armataur Fighter began the quest for the Orb.
     0 | D:1      | Reached XP level 1. HP: 19/19 MP: 1/1
    87 | D:1      | Frozen to death by an endoplasm

Illustrated notes

Levels and vault maps discovered:
D:1:      wander_arrival_desolate, layout_rooms

Action                     || total
---------------------------++-------
  Melee: Long sword        ||     7
 Armour: Plate armour      ||     2
         Scale mail        ||     1
  Block: Buckler           ||     1

Table legend: (Time is in decaauts)
 A = Elapsed time spent in this place.
 B = Non-inter-level travel time spent in this place.
 C = Inter-level travel time spent in this place.
 D = Time resting spent in this place.
 E = Time spent auto-exploring this place.
 F = Levels seen in this place.
 G = Mean time per level.
                   A        B        C        D        E       F      G
               +--------+--------+--------+--------+--------+-----+--------+
         Total |     88 |     65 |     23 |      0 |     35 |   1 |   88.0 |
       Dungeon |     88 |     65 |     23 |      0 |     35 |   1 |   88.0 |
               +--------+--------+--------+--------+--------+-----+--------+

Top non-repeatable levels by time:
     D:1: 88 daAuts
